 Dungeon Crawl Stone Soup version 0.17-a0-1650-gce8475a (webtiles) character file.

2109 karlkraus the Protected (level 9, -9/78 HPs)
             Began as a Minotaur Fighter on Aug 13, 2015.
             Was an Initiate of Ru.
             Killed by divine providence
             ... invoked by an orc priest
              (12 damage)
             ... on level 8 of the Dungeon.
             The game lasted 00:10:39 (4814 turns).

karlkraus the Protected (Minotaur Fighter)          Turns: 4814, Time: 00:10:40

Health: -9/78      AC: 11    Str: 23    XL:     9   Next: 7%
Magic:  8/8        EV: 11    Int:  5    God:    Ru [......]
Gold:   363        SH: 11    Dex: 13    Spells: 0 memorised, 8 levels left

rFire  . . .     SeeInvis .     a - +0 flail
rCold  + . .     Clarity  .     b - +0 scale mail
rNeg   . . .     SustAt   .     c - +0 shield
rPois  .         Gourm    .     (helmet restricted)
rElec  .         Spirit   .     (no cloak)
rCorr  .         Warding  .     E - +2 pair of gloves
rMut   .         Stasis   .     (no boots)
MR     .....                    p - amulet of faith
Stlth  ..........               o - ring of protection from cold
                                v - +2 ring of strength

@: lethally poisoned (-9 -> -10), not resistant to hostile enchantments,
extremely unstealthy
A: retaliatory headbutt, horns 2, no stealth
a: Renounce Religion


You were on level 8 of the Dungeon.
You worshipped Ru.
Ru was noncommittal.
You were not hungry.

You visited 2 branches of the dungeon, and saw 9 of its levels.

You collected 363 gold pieces.

Inventory:

Hand weapons
 a - a +0 flail (weapon)
Armour
 b - a +0 scale mail (worn)
 c - a +0 shield (worn)
 E - a +2 pair of gloves (worn)
Jewellery
 g - an uncursed amulet of stasis {unknown}
 h - an uncursed ring of fire
 o - a ring of protection from cold (right hand)
 p - an amulet of faith (around neck)
 v - a +2 ring of strength (left hand)
Magical devices
 u - a wand of random effects (17)
 F - a wand of paralysis (9)
Scrolls
 f - 3 scrolls of random uselessness
 j - 4 scrolls of remove curse
 m - 2 scrolls of teleportation {unknown}
 n - 2 scrolls of fear {unknown}
 r - a scroll of amnesia {unknown}
 t - a scroll of enchant weapon {unknown}
 w - a scroll of fog {unknown}
 x - 3 scrolls of recharging {unknown}
 y - 4 scrolls of identify
Potions
 d - 3 potions of cancellation {unknown}
 k - 3 potions of lignification
 z - 2 potions of brilliance {unknown}
 D - a potion of magic {unknown}
Books
 q - a book of Dreams

   Spells                             Type                      Level
   a - Ensorcelled Hibernation        Hexes/Ice                    2
   b - Phase Shift                    Translocation                5
   c - Shadow Creatures               Summoning                    5
   d - Silence                        Hexes/Air                    5
   e - Darkness                       Hexes                        6
   f - Mass Confusion                 Hexes                        6
Comestibles
 e - 4 bread rations
 l - a slice of pizza
 s - 2 meat rations
 B - 5 fruits
 C - a royal jelly


   Skills:
 + Level 6.6 Fighting
 + Level 6.9 Maces & Flails
 + Level 8.1 Armour
 + Level 4.9 Dodging
 + Level 7.6 Shields


You had 8 spell levels left.
You didn't know any spells.

Dungeon Overview and Level Annotations

Branches:
Dungeon (8/15)             Temple (1/1) D:4
   Lair: D:8-11

Altars:
Ashenzari
Cheibriados
Dithmenos
Elyvilon
Fedhas
Gozag
Kikubaaqudgha
Makhleb
Okawaru
Ru
Sif Muna
Trog
Vehumet
Xom
Zin
The Shining One

Annotations:
D:6 exclusion: oklob plant


Innate Abilities, Weirdness & Mutations

You reflexively headbutt those who attack you in melee.
You have a pair of horns on your head.
You cannot be stealthy.


Message History

Things that are here:
an adder corpse; a giant gecko corpse You feel sick.
The hound bites you.
* * * LOW HITPOINT WARNING * * *
Found 18 arrows.
Found a stone staircase leading up.
The shadow imp shouts, "Go and return not, thou bawdy boil-brained brigand!"
You feel sick. You block the hound's attack.
You feel sick. You block the hound's attack. The hound closely misses you.
You furiously retaliate!
You headbutt the hound! You block the shadow imp's attack. The hound bites you.
* * * LOW HITPOINT WARNING * * *
The shadow imp closely misses you. You furiously retaliate!
You headbutt the shadow imp.
You feel sick. The orc barely misses you.
The hound bites you but does no damage. You block the shadow imp's attack.
You see here 10 gold pieces.
The orc priest mumbles some strange prayers to Beogh against you.
Something smites you!
You die...

....... #####
....... #...#
....... #...#
....... #...#
.(.....
.######...##.......
..........†........
......#.5o##o......
##.## #..h@......##
#.....###.#####.#
#..... #... ..
##.... ..#.# .
#.... #(#.# #....
#.. # #.... ###
#....


You could see a hound, an orc priest, a shadow imp and an orc.

Vanquished Creatures
  The ghost of CipHuK the Skirmisher, an average OgHu (D:3)
  Eustachio (D:5)
  A water moccasin (D:7)
  Duvessa (D:6)
  An orc warrior (D:6)
  A phantom (D:7)
  A centaur (D:5)
  An eye of draining (D:5)
  2 necrophages (D:6)
  An ogre (D:5)
  A giant frog (D:6)
  A scorpion (D:5)
  5 killer bees
  Dowan (D:6)
  5 crimson imps
  An iguana (D:4)
  Terence (D:3)
  An orc wizard (D:6)
  3 worker ants (D:5)
  A hound zombie (D:6)
  A hound skeleton (D:4)
  10 adders
  4 gnolls (D:4)
  An ooze (D:1)
  3 adder skeletons
  2 worms (D:2)
  9 orcs
  7 giant cockroaches
  8 hobgoblins
  6 jackals (D:1)
  8 kobolds
  6 bats
  3 giant geckos
  7 giant newts
  9 goblins
  A jackal zombie (D:6)
  A quokka (D:6)
  10 rats
  2 butterflies (D:4)
129 creatures vanquished.

Notes
Turn   | Place    | Note
--------------------------------------------------------------
     0 | D:1      | karlkraus the Minotaur Fighter began the quest for the Orb.
     0 | D:1      | Reached XP level 1. HP: 19/19 MP: 0/0
   180 | D:1      | Reached XP level 2. HP: 22/27 MP: 0/1
   424 | D:1      | Reached skill level 4 in Armour
   945 | D:2      | Reached XP level 3. HP: 31/33 MP: 2/2
   998 | D:2      | Reached skill level 1 in Dodging
  1330 | D:2      | Reached XP level 4. HP: 20/40 MP: 3/3
  1575 | D:2      | Found a glowing golden altar of the Shining One.
  1916 | D:3      | Noticed CipHuK's ghost (average OgHu)
  1924 | D:3      | Killed CipHuK's ghost
  1924 | D:3      | Reached skill level 5 in Armour
  1924 | D:3      | Reached XP level 5. HP: 40/47 MP: 4/4
  2037 | D:3      | Found a shimmering altar of Xom.
  2051 | D:3      | Reached XP level 6. HP: 47/53 MP: 5/5
  2081 | D:3      | Noticed Terence
  2103 | D:3      | Killed Terence
  2142 | D:3      | Reached skill level 5 in Shields
  2577 | D:4      | Found a glowing golden altar of the Shining One.
  2928 | D:4      | Found a staircase to the Ecumenical Temple.
  2940 | D:4      | Reached skill level 5 in Maces & Flails
  2957 | D:4      | Reached XP level 7. HP: 24/60 MP: 6/6
  2994 | Temple   | Entered the Ecumenical Temple
  3142 | Temple   | Became a worshipper of Ru the Awakened
  3287 | D:5      | Entered Level 5 of the Dungeon
  3333 | D:5      | Reached skill level 5 in Fighting
  3350 | D:5      | Noticed Eustachio
  3388 | D:5      | Killed Eustachio
  3388 | D:5      | Reached skill level 6 in Armour
  3532 | D:5      | HP: 2/61 [scorpion (5)]
  3537 | D:5      | Reached XP level 8. HP: 14/68 MP: 4/7
  4192 | D:6      | Found a deep blue altar of Sif Muna.
  4192 | D:6      | Noticed an oklob plant
  4219 | D:6      | Found a shattered altar of Ashenzari.
  4230 | D:6      | Reached skill level 7 in Armour
  4240 | D:6      | Found a white marble altar of Elyvilon.
  4258 | D:6      | Noticed Dowan
  4274 | D:6      | Killed Dowan
  4277 | D:6      | Noticed Duvessa
  4287 | D:6      | Killed Duvessa
  4623 | D:7      | Gained mutation: You cannot be stealthy. [Ru sacrifice]
  4776 | D:7      | Reached XP level 9. HP: 38/78 MP: 8/8
  4781 | D:7      | Reached skill level 8 in Armour
  4812 | D:8      | HP: 3/78 [hound (1)]
  4814 | D:8      | Killed from afar by an orc priest

Vault maps used:
D:1:      minmay_arrival_doors
D:2:      tso_altar
D:3:      led_xom_imps, uniq_terence
D:4:      lemuel_crystal_altar, minmay_temple_entry_butterflies, first_bread
D:5:      uniq_eustachio
D:6:      ashenzari_altar_1, lemuel_doored_altar, lemuel_oklob_altar,
          uniq_duvessa
D:7:      statuecave_lemuel, yredelemnul_altar_generic,
          minmay_misc_feat_diagonals, dk_noncrumbling_4
D:8:      hangedman_tree_tricks, uniq_erica
Temple:   water_room_temple_b_12

Action                   |  1- 3 |  4- 6 |  7- 9 || total
-------------------------+-------+-------+-------++-------
Melee: Flail             |   122 |   118 |   217 ||   457
Invok: Sacrifice Stealth |       |       |     1 ||     1
  Use: Scroll            |     4 |       |     1 ||     5
       Potion            |       |     1 |     6 ||     7
  Eat: Chunk             |       |     4 |     4 ||     8
       Meat ration       |       |     1 |       ||     1
